 Dungeon Crawl Stone Soup version 0.23-a0-207-g93a313e (webtiles) character file.

37 grindst0ne the Skirmisher (level 3, -2/29 HPs)
             Began as a Mummy Artificer on Sept 24, 2018.
             Slain by an orc
             ... wielding a +0 falchion
              (5 damage)
             ... on level 2 of the Dungeon.
             The game lasted 00:01:42 (964 turns).

grindst0ne the Skirmisher (Mummy Artificer)          Turns: 964, Time: 00:01:43

Health: -2/29      AC:  7    Str: 16    XL:     3   Next: 23%
Magic:  4/4        EV:  9    Int: 10    God:
Gold:   41         SH:  0    Dex: 12    Spells: 2/2 levels left

rFire    x . .     SeeInvis .   a - +0 short sword
rCold    + . .     Gourm    .   (no shield)
rNeg     + + +     Faith    .   l - +0 scale mail
rPois    ∞         Spirit   .   (no helmet)
rElec    .         Reflect  .   (no cloak)
rCorr    .         Harm     .   (no gloves)
MR       .....                  f - +0 pair of boots
Stlth    ..........             (no amulet)
HPRegen  0.09/turn              (no ring)
MPRegen  0.09/turn              (no ring)

@: no status effects
A: no food or potions, fire vulnerability, cold resistance 1, negative energy
resistance 3, torment resistance, unbreathing
a: no special abilities


You were on level 2 of the Dungeon.
You were not hungry.

You visited 1 branch of the dungeon, and saw 2 of its levels.

You collected 41 gold pieces.

Inventory:

Hand Weapons
 a - a +0 short sword (weapon)
Armour
 b - a +0 leather armour
 f - a +0 pair of boots (worn)
 k - a +0 ring mail
 l - a +0 scale mail (worn)
Wands
 c - a wand of flame (15)
 d - a wand of enslavement (15)
 e - a wand of random effects (15)
Scrolls
 g - 2 scrolls of enchant armour {unknown}
 h - 2 scrolls of identify {unknown}
 i - a scroll of enchant weapon {unknown}
 j - 2 scrolls of teleportation {unknown}
 m - a scroll of immolation {unknown}


   Skills:
 + Level 3.2 Fighting
 - Level 0.7 Short Blades
 - Level 1.5 Dodging
 - Level 0.7 Stealth
 - Level 2.4 Evocations


You had 2 spell levels left.
You didn't know any spells.
Your spell library was empty.

Dungeon Overview and Level Annotations

Branches:
Dungeon (2/15)

Altars:


Innate Abilities, Weirdness & Mutations

You do not eat or drink.
Your flesh is vulnerable to fire.
You are immune to poison.
Your flesh is cold resistant. (rC+)
You are immune to negative energy. (rN+++)
You are immune to unholy pain and torment.
You can survive without breathing.


Message History

You hit the orc.
The orc is moderately wounded.
Something hits you but does no damage. The orc hits you but does no damage.
The orc closely misses you.
You hit the orc but do no damage.
The orc is moderately wounded.
Something hits you.
* * * LOW HITPOINT WARNING * * *
The orc hits you with a falchion.
* * * LOW HITPOINT WARNING * * *
The orc hits you but does no damage.
You hit the orc.
The orc is heavily wounded.
Something hits you but does no damage. The orc hits you with a falchion.
* * * LOW HITPOINT WARNING * * *
The orc closely misses you.
You hit the orc but do no damage.
The orc is moderately wounded.
Something hits you but does no damage. The orc hits you with a falchion.
You die...

#############
###########...........#
.................?...>#
######.####...........#
#..###....{.o....#
#######..#######@######
#..............#o#
##............##.#
#........≈≈..##.#
##.......≈..≈.##..
#≈...≈≈..≈..≈≈≈###
≈≈..≈..≈..≈..≈≈
≈≈..≈..≈⌠.≈.).≈
≈≈...≈.⌠≈..≈..≈


You could see 2 orcs.

Vanquished Creatures
  2 oozes (D:1)
  2 dart slugs (D:1)
  3 bats (D:1)
  A giant cockroach (D:1)
  4 hobgoblins
  A quokka (D:2)
  A ball python (D:1)
  3 frilled lizards
  A goblin (D:1)
  4 kobolds
  3 rats
25 creatures vanquished.

Notes
Turn   | Place    | Note
-------+----------+-------------------------------------------
     0 | D:1      | grindst0ne the Mummy Artificer began the quest for the Orb.
     0 | D:1      | Reached XP level 1. HP: 15/15 MP: 2/2
   124 | D:1      | Reached skill level 2 in Fighting
   174 | D:1      | Reached XP level 2. HP: 15/22 MP: 3/3
   190 | D:1      | HP: 1/23 [bat (1)]
   757 | D:1      | Reached skill level 3 in Fighting
   775 | D:1      | Reached XP level 3. HP: 29/29 MP: 4/4
   964 | D:2      | Slain by an orc

Vault maps used:
D:1:      dpeg_arrival_triangle_fractal
D:2:      cheibrodos_helix_gallery, lemuel_crystal_altar, first_ration,
          nemelex_lonely_heart_becter

Skill      XL: |  1  2 |
---------------+-------+-----
Fighting       | 2 3 |  3.2
Short Blades   | |  0.7
Dodging        | |  1.5
Stealth        | |  0.7
Evocations     | |  2.4

Action                   || total
-------------------------++-------
Melee: Short sword       ||   109
Armor: Leather armour    ||    26
       Ring mail         ||     9
       Scale mail        ||    38
Dodge: Dodged            ||    89

Table legend:
 A = Non-vault XP
 B = Vault XP
 C = Vault XP percentage of total XP
 D = Non-vault monster count
 E = Vault monster count
 F = Vault count percentage of total count
                 A         B        C        D         E       F
            +---------+---------+-------+---------+---------+-------
      Total |      51 |       3 |   5.6 |      23 |       2 |   8.0
            +---------+---------+-------+---------+---------+-------
        D:1 |      46 |       0 |   0.0 |      20 |       0 |   0.0
        D:2 |       5 |       3 |  37.5 |       3 |       2 |  40.0
            +---------+---------+-------+---------+---------+-------
